 Dungeon Sprint DCSS version 0.29.1-13-g9f3cf754e1 (webtiles) character file.

Game seed: 5722134694322337728

4400000 theswoord the Axe Maniac (level 19, -17/189 HPs)
             Began as a Demonspawn Gladiator on Jan 24, 2023.
             Was the Champion of Makhleb.
             Demolished by a meat berserker
             ... wielding a +9 battleaxe
              (37 damage)
             ... in the Dungeon (Sprint VIII: "Arena of Blood").
             The game lasted 00:03:10 (44 turns).

theswoord the Axe Maniac (Demonspawn Gladiator)       Turns: 44, Time: 00:03:10

Health: -17/189    AC:  8    Str: 21    XL:     19   Next: 13%
Magic:  0/39       EV: 28    Int: 14    God:    Makhleb [******]
Gold:   0          SH:  0    Dex: 16    Spells: 50/50 levels left

rFire   . . .      SeeInvis .   l - +∞ Axe of Woe
rCold   . . .      Faith    .   (shield currently unavailable)
rNeg    . . .      Spirit   +   b - +0 leather armour
rPois   .          Reflect  .   c - +0 helmet
rElec   .          Harm     .   (no cloak)
rCorr   .          Rampage  .   (gloves unavailable)
Will    +....      NoTele   +   (no boots)
Stlth   +++++++...              (no amulet)
HPRegen 0.41/turn               (no ring)
MPRegen 0.52/turn               (no ring)

@: no status effects
A: foul stench 2, magic shield, magic regeneration, magic link, big brain 2,
demonic touch 3
a: Renounce Religion, Minor Destruction, Lesser Servant of Makhleb, Major
Destruction, Greater Servant of Makhleb


You were in the Dungeon.
You worshipped Makhleb.
Makhleb was exalted by your worship.
You visited 1 branch

Inventory:

Hand Weapons
 a - a +0 war axe
 l - the +∞ Axe of Woe (weapon)
   (You found it in the Dungeon)
Missiles
 d - 3 throwing nets (quivered)
 e - a javelin
Armour
 b - a +0 leather armour (worn)
 c - a +0 helmet (worn)
Scrolls
 k - a scroll of blinking
Potions
 f - a potion of curing
 g - a potion of heal wounds
 h - a potion of haste
 i - 2 potions of magic
 j - a potion of berserk rage


   Skills:
 O Level 27 Fighting
 O Level 27 Axes
 + Level 16.6 Throwing
 O Level 27 Armour
 O Level 27 Dodging
 + Level 17.8 Stealth
 + Level 16.4 Unarmed Combat
 + Level 16.4 Spellcasting
 + Level 22.5 Invocations


You had 50 spell levels left.
You didn't know any spells.
Your spell library was empty.

Dungeon Overview and Level Annotations

Branches:
Dungeon (1/1)

Altars:
Makhleb


Innate Abilities, Weirdness & Mutations

You sometimes emit foul miasma when damaged in melee.
When hurt, damage is shared between your health and your magic reserves.
You regenerate magic rapidly.
When low on magic, you restore magic in place of health.
You have an extremely huge brain. (Int +4)
Your touch may irresistibly damage your foes and sap their willpower.


Message History

Makhleb accepts your kill.
You feel better.
You hear a shout! x6
Unknown command.
You slash the meat berserker!
You butcher the meat berserker messily.
You kill the meat berserker!
Makhleb accepts your kill.
You feel better.
The meat berserker appears out of thin air!
A meat berserker comes into view. It is wielding a +9 battleaxe.
You hear a shout! x5
A sculptor of flesh comes into view. It is wielding a +9 great sword.
A bag of meat comes into view. It is wielding a +9 war axe.
The eight-headed meat hydra calls on the powers of darkness!
The eight-headed meat hydra convulses!
Your body is wracked with pain!
* * * LOW HITPOINT WARNING * * *
The meat berserker convulses!
The meat berserker shouts!
The meat berserker convulses!
The eight-headed meat hydra calls on the powers of darkness!
The eight-headed meat hydra convulses!
The bag of meat convulses! x9
The meat berserker convulses!
The bag of meat convulses! x2
The meat berserker convulses!
The bag of meat convulses! x2
Your body is wracked with pain!
* * * LOW HITPOINT WARNING * * *
You hear a shout!
A destroyer comes into view. It is wielding a +9 vorpal great sword.
You hear a shout!
A sculptor of flesh comes into view. It is wielding a +9 great sword.
You hear a shout! x4
You hear a shout! x2
A bag of meat comes into view. It is wielding a +9 war axe.
You hear a shout! x3
The eight-headed meat hydra calls on the powers of darkness!
The eight-headed meat hydra convulses!
The bag of meat convulses! x12
The meat berserker convulses!
Your body is wracked with pain!
* * * LOW HITPOINT WARNING * * *
You hear a shout!
The meat berserker hits you with a +9 battleaxe!!!
You die... ............ ..o........ z.zooD.o...

o.o.o.o...
#V.o....#
#.§ooo..# .
...###)Oo§o..###..
...O..)@###.......
#......zD_).......
......#)).○.#....o
......#_.<°_# ...
..... #..°..# .
#........_.....
........###...o○.
.z.###V.. ...###o.
#.. ...# .


You could see 2 eight-headed meat hydras, 2 destroyers, 4 sculptors of flesh, 2
meat berserkers and 13 bags of meat.

Vanquished Creatures
  3 vampire knights (D)
  9 ogres (D)
  A two-headed ogre (D)
  24 orcs (D)
37 creatures vanquished.

Vanquished Creatures (others)
  2 two-headed ogres (D)
2 creatures vanquished.

Grand Total: 39 creatures vanquished

Notes
Turn   | Place    | Note
-------+----------+-------------------------------------------
     0 | D        | Found the +∞ Axe of Woe
     0 | D        | theswoord the Demonspawn Gladiator began the quest for the
                  | Orb.
     0 | D        | Reached XP level 1. HP: 16/16 MP: 1/1
     2 | D        | Noticed a bag of meat
     2 | D        | Noticed a bag of meat
     2 | D        | Noticed a bag of meat
     4 | D        | Became a worshipper of Makhleb the Destroyer
     4 | D        | Noticed a bag of meat
     5 | D        | Noticed a bag of meat
     5 | D        | Noticed a meat berserker
     5 | D        | Noticed a meat berserker
     6 | D        | Noticed a bag of meat
     8 | D        | Killed a bag of meat
     8 | D        | Killed a meat berserker
     8 | D        | Reached * piety under Makhleb
     9 | D        | Reached skill level 27 in Axes
     9 | D        | Reached skill level 5 in Armour
     9 | D        | Gained mutation: Your touch may inflict minor irresistible
                  | damage on your foes. [demonic ancestry]
     9 | D        | Reached XP level 2. HP: 29/29 MP: 2/2
     9 | D        | Reached XP level 3. HP: 35/35 MP: 3/3
     9 | D        | Reached XP level 4. HP: 41/41 MP: 4/4
     9 | D        | Gained mutation: You regenerate magic rapidly. [demonic
                  | ancestry]
     9 | D        | Reached XP level 5. HP: 47/47 MP: 5/5
     9 | D        | Reached XP level 6. HP: 53/53 MP: 6/6
     9 | D        | Gained mutation: When hurt, damage is shared between your
                  | health and your magic reserves. [demonic ancestry]
     9 | D        | Reached XP level 7. HP: 59/59 MP: 7/7
     9 | D        | Reached XP level 8. HP: 65/65 MP: 8/8
     9 | D        | Gained mutation: Your touch may inflict irresistible damage
                  | on your foes. [demonic ancestry]
     9 | D        | Reached XP level 9. HP: 71/71 MP: 9/9
     9 | D        | Gained mutation: You may rarely emit foul miasma when
                  | damaged in melee. [demonic ancestry]
     9 | D        | Reached XP level 10. HP: 77/77 MP: 10/10
     9 | D        | Reached XP level 11. HP: 83/83 MP: 11/11
     9 | D        | Gained mutation: You have an unusually large brain. (Int
                  | +2) [demonic ancestry]
     9 | D        | Reached XP level 12. HP: 89/89 MP: 12/12
     9 | D        | Killed a bag of meat
     9 | D        | Killed a meat berserker
     9 | D        | Noticed a bag of meat
    10 | D        | Gained mutation: When low on magic, you restore magic in
                  | place of health. [demonic ancestry]
    10 | D        | Reached XP level 13. HP: 112/112 MP: 13/13
    10 | D        | Noticed a bag of meat
    10 | D        | Noticed a bag of meat
    11 | D        | Killed a bag of meat
    11 | D        | Reached ** piety under Makhleb
    12 | D        | Reached skill level 15 in Fighting
    12 | D        | Reached XP level 14. HP: 123/123 MP: 14/14
    12 | D        | Noticed a bag of meat
    12 | D        | Noticed a meat berserker
    13 | D        | Killed a bag of meat
    13 | D        | Noticed a meat berserker
    13 | D        | Noticed a bag of meat
    14 | D        | Reached skill level 15 in Armour
    14 | D        | Reached skill level 15 in Dodging
    14 | D        | Killed a bag of meat
    14 | D        | Noticed a bag of meat
    15 | D        | Killed a bag of meat
    15 | D        | Reached *** piety under Makhleb
    16 | D        | Noticed a bag of meat
    17 | D        | Killed a bag of meat
    17 | D        | Killed a bag of meat
    18 | D        | Gained mutation: You sometimes emit foul miasma when
                  | damaged in melee. [demonic ancestry]
    18 | D        | Reached XP level 15. HP: 141/141 MP: 15/15
    18 | D        | Killed a meat berserker
    18 | D        | Reached **** piety under Makhleb
    18 | D        | Killed a meat berserker
    19 | D        | Gained mutation: You have an extremely huge brain. (Int +4)
                  | [demonic ancestry]
    19 | D        | Reached XP level 16. HP: 157/157 MP: 16/16
    19 | D        | Noticed a large bag of meat
    21 | D        | Reached ***** piety under Makhleb
    24 | D        | Killed a large bag of meat
    25 | D        | Reached skill level 27 in Fighting
    25 | D        | Reached XP level 17. HP: 152/174 MP: 17/17
    25 | D        | Noticed a meat berserker
    25 | D        | Noticed a meat berserker
    25 | D        | Noticed a destroyer
    26 | D        | Noticed a meat berserker
    28 | D        | Noticed an eight-headed meat hydra
    29 | D        | Noticed a destroyer
    30 | D        | Killed a meat berserker
    31 | D        | Reached skill level 27 in Armour
    31 | D        | Reached skill level 27 in Dodging
    31 | D        | Reached skill level 5 in Throwing
    31 | D        | Reached skill level 5 in Stealth
    31 | D        | Reached skill level 5 in Unarmed Combat
    31 | D        | Reached skill level 5 in Spellcasting
    31 | D        | Killed a meat berserker
    31 | D        | Killed a destroyer
    32 | D        | Reached skill level 10 in Unarmed Combat
    32 | D        | Reached skill level 10 in Spellcasting
    32 | D        | Reached skill level 15 in Invocations
    32 | D        | Reached XP level 18. HP: 182/182 MP: 17/32
    32 | D        | Noticed an eight-headed meat hydra
    33 | D        | Reached ****** piety under Makhleb
    33 | D        | Killed a meat berserker
    34 | D        | Noticed a destroyer
    35 | D        | Noticed a meat berserker
    35 | D        | Killed a destroyer
    35 | D        | Noticed a meat berserker
    36 | D        | Reached skill level 15 in Stealth
    36 | D        | Noticed a sculptor of flesh
    37 | D        | Noticed a meat berserker
    37 | D        | HP: 8/182 [??? (3)]
    39 | D        | Noticed a sculptor of flesh
    39 | D        | Noticed a destroyer
    39 | D        | Noticed a large bag of meat
    40 | D        | Reached skill level 15 in Throwing
    41 | D        | Killed a meat berserker
    41 | D        | Killed a destroyer
    41 | D        | Noticed a meat berserker
    41 | D        | Killed a large bag of meat
    41 | D        | Killed a large bag of meat
    42 | D        | Gained mutation: Your touch may irresistibly damage your
                  | foes and sap their willpower. [demonic ancestry]
    42 | D        | Reached XP level 19. HP: 75/189 MP: 2/39
    43 | D        | Killed a meat berserker
    43 | D        | Noticed a meat berserker
    43 | D        | Noticed a destroyer
    44 | D        | Demolished by a meat berserker

Skill      XL: |  1  2  3  4  5  6  7  8  9 10 11 12 13 14 15 16 17 18 |
---------------+-------------------------------------------------------+-----
Axes           | 27 | 27.0
Fighting       | 6 13 15 20 23 27 | 27.0
Armour         | 5 12 13 18 21 25 27 | 27.0
Dodging        | 6 12 14 18 21 25 27 | 27.0
Throwing       | 11 16 | 16.6
Stealth        | 11 17 | 17.8
Unarmed Combat | 10 16 | 16.4
Spellcasting   | 10 16 | 16.4
Invocations    | 15 22 | 22.5

Action                   |  1- 3 |  4- 6 |  7- 9 | 10-12 | 13-15 | 16-18 | 19-21 || total
-------------------------+-------+-------+-------+-------+-------+-------+-------++-------
Melee: Executioner's axe |     1 |       |       |     1 |     6 |    16 |     2 ||    26
Invok: Greater Servant o |       |       |       |       |       |     1 |       ||     1

Levels and vault maps discovered:
D:        meatsprint
